 Dungeon Crawl Stone Soup version 0.28.0-53-g5a82cb258f (webtiles) character file.

Game seed: 11118210703107739101

19 DemonSlayer the Firebug (level 2, 0/19 HPs)
             Began as a Demonspawn Fire Elementalist on Aug 4, 2022.
             Succumbed to an adder's poison
             ... on level 1 of the Dungeon.
             The game lasted 00:01:46 (1360 turns).

DemonSlayer the Firebug (DsFE)                      Turns: 1360, Time: 00:01:46

Health: 0/19       AC:  2    Str:  8    XL:     2   Next: 55%
Magic:  0/5        EV: 12    Int: 16    God:
Gold:   84         SH:  0    Dex: 13    Spells: 2/5 levels left

rFire   . . .      SeeInvis .   d - +0 hand axe
rCold   . . .      Faith    .   (no shield)
rNeg    . . .      Spirit   .   a - +0 robe
rPois   .          Reflect  .   (helmet restricted)
rElec   .          Harm     .   (no cloak)
rCorr   .          Rampage  .   (no gloves)
Will    .....                   (no boots)
Stlth   ++........              (no amulet)
HPRegen 0.06/turn               (no ring)
MPRegen 0.09/turn               (no ring)

@: lethally poisoned (0 -> -6), flying
A: horns 1
a: no special abilities


You were on level 1 of the Dungeon.
You visited 1 branch of the dungeon, and saw 2 of its levels.

You collected 84 gold pieces.

Inventory:

Hand Weapons
 d - a +0 hand axe (weapon)
Armour
 a - a +0 robe (worn)
 g - a +0 kite shield
 h - a +0 leather armour
Scrolls
 c - a scroll of noise {unknown}
 f - a scroll of teleportation {unknown}
Potions
 e - a potion of degeneration {unknown}


   Skills:
 + Level 1.8 Dodging
 + Level 1.8 Stealth
 + Level 2.2 Spellcasting
 + Level 1.1 Conjurations
 + Level 3.2 Fire Magic


You had 2 spell levels left.
You knew the following spells:

 Your Spells              Type           Power      Damage    Failure   Level
a - Foxfire               Conj/Fire      32%        2x1d5     9%          1
b - Scorch                Fire           24%        2d6       9%          2

Your spell library contained the following spells:

 Spells                   Type           Power      Damage    Failure   Level
 Conjure Flame            Conj/Fire      8%         6-21      24%         3
 Inner Flame              Hex/Fire       6%         N/A       30%         3
 Flame Wave               Conj/Fire      8%         2d5       63%         4


Dungeon Overview and Level Annotations

Branches:
Dungeon (2/15)

Altars:


Innate Abilities, Weirdness & Mutations

You have a pair of small horns on your head.


Message History

You conjure some foxfire!
An adder comes into view.
A kobold comes into view. It is wielding a +0 dagger.
You conjure some foxfire!
The foxfire hits the kobold but does no damage.
The foxfire hits the kobold.
The kobold is severely wounded.
The foxfire hits the kobold.
You kill the kobold!
You conjure some foxfire!
The foxfire hits the kobold but does no damage.
The foxfire hits the kobold.
The kobold is severely wounded.
The foxfire hits the kobold but does no damage.
The kobold is severely wounded.
You are too depleted to draw on your mana recklessly!
The foxfire hits the kobold.
You kill the kobold!
The foxfire hits the adder.
The adder is lightly wounded.
You miscast Foxfire.
You are very lightly contaminated with residual magic.
Nothing appears to happen.
The adder bites you.
Found a stone staircase leading up.
The adder bites you.
There is a stone staircase leading up here.
The adder bites you.
You climb upwards.
Your magical contamination has completely faded away.
There is a stone staircase leading down here.
You barely miss the adder.
The adder is lightly wounded.
The adder bites you.
* * * LOW HITPOINT WARNING * * *
You are lethally poisoned!
The adder poisons you! The adder closely misses you.
It was a potion of flight.
You feel very buoyant.
You fly up into the air.
You die...

#......##.#.#
#########.#.#
#.#.# #...# ##..#
#..# #..#
################S#
................@#
##################


You could see an adder.

Vanquished Creatures
  An adder (D:2)
  An endoplasm (D:1)
  A goblin (D:1)
  A hobgoblin (D:1)
  A quokka (D:1)
  2 ball pythons (D:1)
  A bat (D:1)
  3 kobolds (D:2)
11 creatures vanquished.

Vanquished Creatures (others)
  43 foxfires
43 creatures vanquished.

Grand Total: 54 creatures vanquished

Notes
Turn   | Place    | Note
-------+----------+-------------------------------------------
     0 | D:1      | DemonSlayer the Demonspawn Fire Elementalist began the
                  | quest for the Orb.
     0 | D:1      | Reached XP level 1. HP: 13/13 MP: 3/3
   692 | D:1      | Reached skill level 3 in Fire Magic
   699 | D:1      | Gained mutation: You have a pair of small horns on your
                  | head. [demonic ancestry]
   699 | D:1      | Reached XP level 2. HP: 13/19 MP: 5/5
   702 | D:1      | Learned a level 2 spell: Scorch
  1360 | D:1      | Succumbed to an adder's poison

Illustrated notes

Levels and vault maps discovered:
D:1:      mainiacjoe_arrival_reflecting_pool, layout_basic,
          minmay_misc_feat_columns
D:2:      wander_river, layout_rooms, shapermc_ecumenical_altar_starsandcircs,
          kennysheep_generic_room_11

Skill      XL: |  1 |
---------------+----+-----
Fire Magic     | 3 |  3.2
Dodging        | |  1.8
Stealth        | |  1.8
Spellcasting   | |  2.2
Conjurations   | |  1.1

Action                   || total
-------------------------++-------
Melee: Hand axe          ||    13
 Cast: Foxfire           ||    29
  Use: Potion            ||     1
Armor: Robe              ||     4
Dodge: Dodged            ||    12
